AoeStats
← Navix de los Bosques de Lituania

Arabia

514038144Analyzed
3v3 RM · 4d ago on Oct 16, 2026· 72m 58s· 6 players
Game mode
Random Map
Map size
Normal (6 player)
Population
200
Speed
Normal
Resources
Standard
Victory
Conquest
Starting age
Dark Age
Ending age
Imperial Age
RankedLock teamsTeams togetherTeam positionsShared explorationLock speedFull tech treeHidden civsTurbo modeCheats
Victory
Defeat
🇨🇭 Mongols · Switzerland
781
+16
🇮🇹 Saracens · Italy
774
+16
🇵🇱 Poles · Poland
765
+16
vs
🇩🇪 Vikings · Germany
804
-18
🇧🇷 Aztecs · Brazil
757
-15
750
-15
monneyce
9:46 Feudal Age
12:22 Loom
14:32 Bloodlines
14:51 Forging
20:08 Castle Age
21:33 Iron Casting
21:36 Husbandry
22:45 Scale Barding Armor
23:49 Chain Barding Armor
25:39 Double-Bit Axe
27:01 Town Watch
28:14 Wheelbarrow
28:42 Gold Mining
29:27 Ballistics
29:56 Hand Cart
35:04 Imperial Age
33:23 Bow Saw
33:33 Fletching
34:33 Gold Shaft Mining
34:33 Bodkin Arrow
35:11 Murder Holes
36:02 Bracer
37:07 Chemistry
36:36 Conscription
38:29 Elite Steppe Lancer
48:57 Elite Mangudai
64:37 Spies/Treason
Cherr
12:43 Feudal Age
14:25 Man-at-Arms
25:50 Castle Age
24:40 Bloodlines
24:40 Double-Bit Axe
25:35 Horse Collar
27:15 Light Cavalry
32:23 Szlachta Privileges
32:46 Husbandry
34:10 Heavy Plow
34:59 Scale Barding Armor
36:57 Wheelbarrow
39:14 Bow Saw
39:56 Fletching
40:27 Chain Barding Armor
40:53 Thumb Ring
43:14 Hand Cart
46:20 Imperial Age
44:22 Gold Mining
44:15 Pikeman
47:42 Conscription
46:47 Cavalier
49:43 Forging
49:34 Scale Mail Armor
50:41 Crop Rotation
50:59 Town Watch
59:10 Elite Skirmisher
59:14 Long Swordsman
59:17 Winged Hussar
Peppe_04
7:39 Loom
10:15 Feudal Age
11:24 Double-Bit Axe
11:21 Horse Collar
23:35 Castle Age
21:52 Stone Mining
25:10 Thumb Ring
24:28 Crossbowman
27:48 Bow Saw
27:39 Heavy Plow
31:36 Fletching
31:47 Padded Archer Armor
31:59 Forging
31:55 Scale Barding Armor
40:09 Imperial Age
42:07 Siege Engineers
42:23 Ballistics
42:04 Murder Holes
43:10 Chemistry
41:56 Arrowslits
42:23 Fortified Wall
42:19 Siege Engineers
42:25 Masonry
47:11 Conscription
47:50 Elite Mameluke
57:14 Light Cavalry
57:55 Husbandry
58:52 Wheelbarrow
58:02 Town Watch
62:35 Hand Cart
66:03 Iron Casting
65:50 Chain Barding Armor
66:30 Bloodlines
67:29 Spies/Treason
71:58 Caravan
73:39 Blast Furnace
73:16 Plate Barding Armor
74:02 Two-Man Saw
73:07 Town Patrol
72:33 Hussar
72:44 Heavy Camel Rider
Navix de los Bosques de Lituania
12:41 Loom
14:28 Feudal Age
17:16 Double-Bit Axe
19:12 Stone Mining
19:23 Gold Mining
20:09 Horse Collar
22:54 Castle Age
24:10 Padded Archer Armor
24:01 Fletching
24:23 Forging
23:43 Crossbowman
24:35 Thumb Ring
26:27 Scale Mail Armor
27:51 Pikeman
31:05 Arson
31:17 Elite Skirmisher
32:22 Chain Mail Armor
32:03 Bodkin Arrow
32:16 Scale Barding Armor
32:19 Husbandry
31:57 Light Cavalry
33:05 Squires
34:13 Bow Saw
34:43 Gold Shaft Mining
34:11 Heavy Plow
36:16 Wheelbarrow
36:12 Ballistics
Assisu2405
0:45 Loom
13:12 Feudal Age
13:57 Double-Bit Axe
13:56 Horse Collar
21:29 Castle Age
21:18 Stone Mining
22:43 Bow Saw
23:50 Pikeman
25:46 Heavy Plow
29:41 Gold Mining
30:35 Caravan
30:46 Fletching
31:07 Eagle Warrior
32:57 Wheelbarrow
34:19 Gold Shaft Mining
33:58 Bodkin Arrow
35:03 Hand Cart
36:25 Ballistics
36:22 Squires
36:09 Arson
36:10 Gambesons
37:48 Stone Shaft Mining
37:52 Forging
41:53 Imperial Age
39:15 Town Watch
41:30 Murder Holes
41:24 Elite Skirmisher
44:32 Conscription
48:41 Crop Rotation
50:49 Iron Casting
50:15 Bracer
50:16 Scale Mail Armor
50:16 Padded Archer Armor
50:03 Elite Eagle Warrior
53:46 Garland Wars
53:27 Atlatl
57:30 Blast Furnace
56:45 Chain Mail Armor
56:46 Leather Archer Armor
ivanklaricnejla
0:30 Loom
13:08 Feudal Age
13:44 Double-Bit Axe
22:23 Castle Age
23:55 Bow Saw
23:09 Pikeman
23:49 Squires
23:42 Arson
31:47 Scale Barding Armor
31:43 Scale Mail Armor
38:00 Imperial Age
36:04 Chain Mail Armor
37:16 Chain Barding Armor
37:07 Forging
38:18 Fletching
38:30 Gold Mining
40:53 Cavalier
44:57 Plate Mail Armor
45:02 Iron Casting
44:24 Bodkin Arrow
Connection lost

Rejoining the realm…

Still unreachable

The connection could not be restored.

Session expired

The server has moved on; the page needs a fresh start.